 Dungeon Crawl Stone Soup version 0.31-a0-986-g5e6e4ef867 (webtiles) character file.

Game seed: 14776422543693917910

102 Whiskey the Changeling (level 4, -1/30 HPs)
             Began as an Octopode Shapeshifter on Nov 13, 2023.
             Slain by Getoffmy's ghost (12 damage)
             ... on level 3 of the Dungeon.
             The game lasted 00:03:31 (2068 turns).

Whiskey the Changeling (Octopode Shapeshifter)      Turns: 2068, Time: 00:03:32

Health: -1/30      AC:  1    Str: 15    XL:     4   Next: 78%
Magic:  4/4        EV: 13    Int: 12    God:
Gold:   131        SH:  0    Dex: 11    Spells: 3/3 levels left

rFire   . .          .
                       - Unarmed
rCold   . . .        (no shield)
rNeg    . . .        (helmet currently unavailable)
rPois   .            (no amulet)
rElec   .            f - ring of flight {+Fly, !d}
rCorr   .            (no ring)
SInv    .            (no ring)
Will    .....        (no ring)
Stlth   +++          (no ring)
HPRegen 0.25/turn    (no ring)
MPRegen 0.09/turn    (no ring)
                     (no ring)

%: no passive effects
@: beast-form, flying
A: beast (slay +2), almost no armour, amphibious, 8 rings, camouflage 1,
gelatinous body 1, nimble swimmer 1, tentacles
a: Begin Untransformation


You were on level 3 of the Dungeon.
You were a hulking beast.
You visited 1 branch of the dungeon, and saw 3 of its levels.

You collected 131 gold pieces.

Inventory:

Missiles
 m - 2 darts of dispersal {=f}
Magical Staves
 h - a staff of fire {rF+}
   (You found it on level 2 of the Dungeon)
Jewellery
 f - a ring of flight (left tentacle) {+Fly, !d}
   (You found it on level 1 of the Dungeon)
Talismans
 b - a beast talisman
 c - a flux talisman
 l - the blade talisman "Qiasiuba" {rElec Str-4 Dex+4}
   (You found it on level 3 of the Dungeon)

   [blade talisman]

   Str-4:     It affects your strength (-4).
   Dex+4:     It affects your dexterity (+4).
   rElec:     It insulates you from electricity.
Scrolls
 d - a scroll of enchant weapon {unknown}
 g - 2 scrolls of identify {unknown}
 i - a scroll of teleportation {unknown}
 j - 2 scrolls of fog {unknown}
 r - a scroll of revelation {unknown}
 s - a scroll of acquirement {unknown}
Potions
 a - a potion of lignification {!q}
 e - a potion of attraction {unknown}
 k - a potion of invisibility {unknown}
 o - a potion of ambrosia {unknown}
 p - a potion of haste {unknown}
 q - a potion of degeneration {unknown}


   Skills:
 + Level 2.5 Fighting
 - Level 2.0 Dodging
 - Level 3.0 Unarmed Combat
 * Level 4.4 Shapeshifting


You had 3 spell levels left.
You didn't know any spells.
Your spell library contained the following spells:

 Spells                   Type           Power      Damage    Failure   Level
 Kiss of Death            Conj/Necr      0%         2d5       32%         1
 Sublimation of Blood     Necr           0%         N/A       45%         2
 Wereblood                Tmut           0%         N/A       45%         2
 Confusing Touch          Hex            0%         N/A       69%         3
 Dispel Undead            Necr           0%         3d6       97%         4
 Summon Hydra             Summ           0%         N/A       100%        7


Dungeon Overview and Level Annotations

Branches:
Dungeon (3/15)

Altars:
Qazlal

Shops:
D:3 [

Annotations:
D:3 Getoffmy's ghost, amateur FoFi


Innate Abilities, Weirdness & Mutations

You are a hulking beast.
Your limbs bulge with bestial killing power. (Slay +2)
You cannot wear most types of armour.
You are amphibious.
You can wear up to eight rings at the same time.
Your skin changes colour to match your surroundings (Stealth+).
Your rubbery body absorbs attacks. (AC +1, EV +1)
You are camouflaged when in or above water. (Stealth+)
You have tentacles for arms and can constrict up to eight enemies at once.


Message History

You see here a hobgoblin corpse.
You tentacle-slap the adder. You grab the adder. You constrict the adder.
The adder bites you.
You take 2 damage, and have 28/30 hp.
You tentacle-slap the adder. You constrict the adder.
You kill the adder!
No target in view!
No target in view!
No target in view!
No target in view!
No target in view!
No target in view!
No target in view!
No target in view!
No target in view!
p - a dark potion Health restored: 30
g - 2 scrolls labelled VUILOCR JISEU (gained 1)
Found a stone staircase leading up.
Found a stone staircase leading down.
You now have 120 gold pieces (gained 18).
q - a blue potion You now have 131 gold pieces (gained 11).
j - 2 scrolls labelled XUOZ YKETUOMNY (gained 1)
r - a scroll labelled SITWIFF GYRGH
Found a stormy altar of Qazlal.
There is a stone staircase leading down here.
s - a scroll labelled ALAOKESOCIMM A ball python comes into view.
The ball python hisses angrily.
The ball python bites you. The ball python barely misses you.
You take 1 damage, and have 29/30 hp.
You tentacle-slap the ball python.
You kill the ball python!
No target in view!
No target in view!
No target in view!
No target in view!
No target in view!
No target in view!
No target in view!
No target in view!
You pick up a book of Blood and begin reading...
You add the spells Sublimation of Blood, Wereblood and Summon Hydra to your library.
Health restored: 30 You see here a ball python corpse.
Found a large runed translucent door.
Press: ? - help, v - describe, . - travel, g - get item
Here: Getoffmy's ghost (dormant, fire blocked by a runed translucent door) Item here: a lead wand.
The floor.
You reach down and open the large door.
There is a large open translucent door here.
Getoffmy's ghost turns its malevolent gaze towards you.
Getoffmy's ghost closely misses you. Getoffmy's ghost hits you.
You take 5 damage, and have 25/30 hp.
You tentacle-slap Getoffmy's ghost but do no damage.
Your squeeze misses Getoffmy's ghost. Getoffmy's ghost hits you.
You take 4 damage, and have 21/30 hp.
You miss Getoffmy's ghost. Your squeeze misses Getoffmy's ghost.
Getoffmy's ghost barely misses you.
You tentacle-slap Getoffmy's ghost but do no damage.
You squeeze Getoffmy's ghost, but do no damage.
Getoffmy's ghost hits you!
You take 9 damage, and have 13/30 hp.
MASSIVE DAMAGE!!
You tentacle-slap Getoffmy's ghost. Getoffmy's ghost hits you.
You take 3 damage, and have 10/30 hp.
You tentacle-slap Getoffmy's ghost but do no damage.
Getoffmy's ghost barely misses you.
You completely miss Getoffmy's ghost. You squeeze Getoffmy's ghost!
Getoffmy's ghost closely misses you.
You tentacle-slap Getoffmy's ghost but do no damage.
Getoffmy's ghost closely misses you.
You tentacle-slap Getoffmy's ghost. Getoffmy's ghost barely misses you.
You tentacle-slap Getoffmy's ghost but do no damage.
Your squeeze misses Getoffmy's ghost. Getoffmy's ghost closely misses you.
You tentacle-slap Getoffmy's ghost. You closely miss Getoffmy's ghost.
Getoffmy's ghost hits you.
* * * LOW HITPOINT WARNING * * *
You take 3 damage, and have 9/30 hp.
You tentacle-slap Getoffmy's ghost but do no damage.
You squeeze Getoffmy's ghost. Getoffmy's ghost hits you.
* * * LOW HITPOINT WARNING * * *
You take 2 damage, and have 7/30 hp.
It was a potion of heal wounds.
You feel much better. Getoffmy's ghost hits you.
You regained 17 hp, and now have 24/30 hp.
You miss Getoffmy's ghost. Getoffmy's ghost closely misses you.
You tentacle-slap Getoffmy's ghost but do no damage.
Getoffmy's ghost hits you!
You take 7 damage, and have 17/30 hp.
MASSIVE DAMAGE!!
You tentacle-slap Getoffmy's ghost but do no damage.
Your squeeze misses Getoffmy's ghost. Getoffmy's ghost barely misses you.
You tentacle-slap Getoffmy's ghost. Getoffmy's ghost hits you.
You take 6 damage, and have 11/30 hp.
You tentacle-slap Getoffmy's ghost but do no damage.
You squeeze Getoffmy's ghost, but do no damage.
Getoffmy's ghost hits you!
You die...

#................##
#..........#####..### #########
#..........# #......# #........
#..........# #......# #........
#..........# ###''#### #........
#....<.....###..§..~.# #........
##..........##..⌠~#~.## #........
............##.#.....# ##........
##....).(...###.hW..#≈##......)..
....##.###### ###≈#~###..........
....##..## #########...#######
....###..#### #...........#
............###...........#
............#..........#.##
.........<..#.#........#.# ####
.....#####....†..........# #...
.....###........##......## #...


You could see Getoffmy's ghost.

Vanquished Creatures
  2 adders
  4 orcs
  8 ball pythons
  7 endoplasms
  3 giant cockroaches
  3 goblins
  4 hobgoblins
  11 jackals
  4 quokkas (D:2)
  10 bats
  4 frilled lizards
  2 kobolds (D:2)
  10 rats
72 creatures vanquished.

Notes
Turn   | Place    | Note
-------+----------+-------------------------------------------
     0 | D:1      | Whiskey the Octopode Shapeshifter began the quest for the
                  | Orb.
     0 | D:1      | Reached XP level 1. HP: 13/13 MP: 1/1
    84 | D:1      | Reached XP level 2. HP: 18/18 MP: 2/2
   392 | D:1      | Reached XP level 3. HP: 22/24 MP: 3/3
   708 | D:2      | Reached skill level 2 in Fighting
   813 | D:2      | Reached skill level 4 in Shapeshifting
   814 | D:2      | HP: 6/24 [poisoned by an adder]
   935 | D:2      | Reached XP level 4. HP: 29/29 MP: 4/4
  1348 | D:3      | Found Jumoh's Armour Emporium.
  1386 | D:2      | HP: 7/30 [orc/+0 mace (1)]
  1636 | D:3      | Identified the blade talisman "Qiasiuba" {rElec Str-4
                  | Dex+4}
  1879 | D:3      | Found a stormy altar of Qazlal.
  2039 | D:3      | Found a large runed translucent door.
  2039 | D:3      | Found a large runed translucent door.
  2041 | D:3      | Noticed Getoffmy's ghost (amateur FoFi)
  2062 | D:3      | HP: 7/30 [Getoffmy's ghost (2)]
  2068 | D:3      | Slain by Getoffmy's ghost

Illustrated notes

Levels and vault maps discovered:
D:1:      sevenhm_arrival_forest_fort_small_3, layout_rooms,
          grunt_decor_arrowhead
D:2:      layout_loops_ring
D:3:      layout_rooms, lemuel_round_altar, ebering_ghost_disaster_area,
          serial_shops, shop

Skill      XL: |  1  2  3 |
---------------+----------+-----
Fighting       | 2 |  2.5
Shapeshifting  | 4 |  4.4
Dodging        | |  2.0
Unarmed Combat | |  3.0

Action                     |  1- 3 |  4- 6 || total
---------------------------+-------+-------++-------
  Melee: Unarmed           |    78 |    64 ||   142
         Constrict         |    24 |    15 ||    39
         Tentacles         |    15 |    13 ||    28
    Use: Potion            |       |     1 ||     1
   Stab: Sleeping          |     6 |     1 ||     7
 Armour: Skin              |    37 |    43 ||    80
  Dodge: Dodged            |    50 |    45 ||    95

Table legend: (Time is in decaauts)
 A = Elapsed time spent in this place.
 B = Non-inter-level travel time spent in this place.
 C = Inter-level travel time spent in this place.
 D = Time resting spent in this place.
 E = Time spent auto-exploring this place.
 F = Levels seen in this place.
 G = Mean time per level.
                   A        B        C        D        E       F      G
               +--------+--------+--------+--------+--------+-----+--------+
         Total |   2061 |   2031 |     30 |    297 |   1307 |   3 |  687.0 |
       Dungeon |   2061 |   2031 |     30 |    297 |   1307 |   3 |  687.0 |
               +--------+--------+--------+--------+--------+-----+--------+

Top non-repeatable levels by time:
     D:2: 938 daAuts
     D:3: 571 daAuts
     D:1: 551 daAuts

Levels and vault maps discovered:
D:1:      sevenhm_arrival_forest_fort_small_3, layout_rooms,
          grunt_decor_arrowhead
D:2:      layout_loops_ring
D:3:      layout_rooms, lemuel_round_altar, ebering_ghost_disaster_area,
          serial_shops, shop

Table legend: (Time is in decaauts)
 A = Elapsed time spent in this place.
 B = Non-inter-level travel time spent in this place.
 C = Inter-level travel time spent in this place.
 D = Time resting spent in this place.
 E = Time spent auto-exploring this place.
 F = Levels seen in this place.
 G = Mean time per level.
                   A        B        C        D        E       F      G
               +--------+--------+--------+--------+--------+-----+--------+
         Total |   2061 |   2031 |     30 |    297 |   1307 |   3 |  687.0 |
       Dungeon |   2061 |   2031 |     30 |    297 |   1307 |   3 |  687.0 |
               +--------+--------+--------+--------+--------+-----+--------+

Top non-repeatable levels by time:
     D:2: 938 daAuts
     D:3: 571 daAuts
     D:1: 551 daAuts

Table legend:
 A = Kills in this place as a percentage of kills in the entire game.
 B = Kills by you in this place as a percentage of kills by you in the entire game.
 C = Kills by friends in this place as a percentage of kills by friends in the entire game.
 D = Other kills in this place as a percentage of other kills in the entire game.
 E = Experience gained in this place as a percentage of experience gained in the entire game.
 F = Experience gained in this place divided by the number of levels of this place that you have seen.
                   A       B       C       D       E      F
               +-------+-------+-------+-------+-------+----------------------
         Total | 100.0 | 100.0 |   N/A |   N/A | 100.0 |  49.0
       Dungeon | 100.0 | 100.0 |   N/A |   N/A | 100.0 |  49.0
               +-------+-------+-------+-------+-------+----------------------
